 Dungeon Crawl Stone Soup version 0.19.3-4-gbf9329e (console) character file.

3980 Kloppie the Cleaver (level 10, 0/79 HPs)
             Began as a Formicid Fighter on Jan 26, 2017.
             Was an Initiate of Ashenzari.
             Slain by a cyan ugly thing (15 damage)
             ... on level 7 of the Dungeon.
             The game lasted 00:12:16 (6786 turns).

Kloppie the Cleaver (Formicid Fighter)              Turns: 6786, Time: 00:12:17

Health: 0/79       AC: 18    Str: 21    XL:     10   Next: 46%
Magic:  10/10      EV:  6    Int:  8    God:    Ashenzari [......]
Gold:   359        SH: 12    Dex: 15    Spells: 0 memorised, 9 levels left

rFire  . . .     SeeInvis +     a - +2 war axe
rCold  . . .     Gourm    +     x - +0 plate armour
rNeg   . . .     Faith    .     c - +0 shield
rPois  .         Spirit   .     (helmet unavailable)
rElec  .         Reflect  .     u - +2 cloak
rCorr  .         Harm     .     A - +1 pair of gloves
MR     ++...     Clarity  +     (no boots)
Stlth  ..........               p - amulet of the gourmand
                                q - ring of protection from magic
                                (no ring)

@: no status effects
A: permanent stasis, dig shafts and tunnels, four strong arms, antennae 3,
camouflage 1, agile 1, clarity
a: Dig, Shaft Self, Curse Item, Renounce Religion


You were on level 7 of the Dungeon.
You worshipped Ashenzari.
Ashenzari was noncommittal.
You were completely stuffed.

You visited 2 branches of the dungeon, and saw 8 of its levels.

You collected 359 gold pieces.

Inventory:

Hand Weapons
 a - a +2 war axe (weapon)
 r - the +2 hunting sling "Gerhi" {freeze, Int+4}
   (You acquired it on level 5 of the Dungeon)

   It causes projectiles fired from it to freeze those they strike, causing
   extra injury to most foes and up to half again as much damage against
   particularly susceptible opponents.
   They can also slow down cold-blooded creatures.
   It affects your intelligence (+4).
Missiles
 m - 25 sling bullets
Armour
 c - a +0 shield (worn)
 u - a +2 cloak (worn)
 x - a +0 plate armour (worn)
 A - a +1 pair of gloves (worn)
Jewellery
 g - an uncursed ring of fire
 p - an amulet of the gourmand (around neck)
 q - a ring of protection from magic (right hand)
Wands
 i - a wand of enslavement (22/24)
 D - a wand of digging (1/24)
Scrolls
 b - 3 scrolls of magic mapping
 d - a scroll of blinking {unknown}
 e - a scroll of fog
 k - 3 scrolls of remove curse
 l - a scroll of amnesia
 B - 2 scrolls of identify
 C - 2 scrolls of noise
Potions
 n - a potion of cancellation
 o - a potion of magic
 v - a potion of curing
Books
 w - a book of Cantrips

   Spells                             Type                      Level
   a - Confusing Touch                Hexes                        1
   b - Animate Skeleton               Necromancy                   1
   c - Summon Small Mammal            Summoning                    1
   d - Apportation                    Translocation                1
 y - a book of Changes

   Spells                             Type                      Level
   a - Beastly Appendage              Transmutation                1
   b - Sticks to Snakes               Transmutation                2
   c - Spider Form                    Transmutation/Poison         3
   d - Ice Form                       Ice/Transmutation            4
   e - Blade Hands                    Transmutation                5
Comestibles
 f - 5 bread rations
 h - 4 beef jerkies
 j - 8 slices of pizza
 s - 5 fruits
 t - 4 meat rations
 z - a royal jelly


   Skills:
 + Level 7.3 Fighting
 + Level 9.9 Axes
 - Level 7.0 Armour
 - Level 9.1 Shields


You had 9 spell levels left.
You didn't know any spells.

Dungeon Overview and Level Annotations

Branches:
Dungeon (7/15)             Temple (1/1) D:7

Altars:
Ashenzari
Cheibriados
Dithmenos
Elyvilon
Fedhas
Gozag
Hepliaklqana
Kikubaaqudgha
Makhleb
Nemelex Xobeh
Okawaru
Qazlal
Ru
Sif Muna
Trog
Uskayaw
Vehumet
Xom
Yredelemnul
Zin
The Shining One

Shops:
D:7 :

Annotations:
D:3 Terence


Innate Abilities, Weirdness & Mutations

You are under a permanent stasis effect.
You can dig through walls and to a lower floor.
Your four strong arms can wield two-handed weapons with a shield.
You have a pair of large antennae on your head. (SInv)
Your skin changes colour to match your surroundings (Stealth+).
You are agile. (Dex +2)
You possess an exceptional clarity of mind.


Message History

The cyan ugly thing is almost dead.
The cyan ugly thing claws you.
* * * LOW HITPOINT WARNING * * *
The cyan ugly thing shocks you!
* * * LOW HITPOINT WARNING * * *
You closely miss the cyan ugly thing.
The cyan ugly thing is almost dead.
You block the cyan ugly thing's attack.
You hit the cyan ugly thing but do no damage.
The cyan ugly thing is almost dead.
You block the cyan ugly thing's attack.
You slash the cyan ugly thing!
The cyan ugly thing is almost dead.
The cyan ugly thing claws you but does no damage.
You closely miss the cyan ugly thing.
The cyan ugly thing is almost dead.
The cyan ugly thing claws you!
* * * LOW HITPOINT WARNING * * *
The cyan ugly thing shocks you!
You die...

#....#####.# #..^# ##..
#.##.......# #.#.# ##...
..########.# #>..# #..## ###
#.# ##.## ##..## #.# #.# #..##
#.# #.# #######..# #.# #.#
#.(......#
#.####(######........#
#.##...@u.....########
#..#.#.####...# ##.#.#.# #####
#.#.#.#### ###### #>#.#.##.##
.....# #.#.#.#.#.#### ####.#
#........)...#
#.########...#...#############
#.##......#.#....# #........


You could see a cyan ugly thing.

Vanquished Creatures
  The ghost of eXcel the Fighter, a novice OgBe of Trog (D:7)
  Pikel (D:6)
  Joseph (D:7)
  A human (D:7)
  4 hogs (D:7)
  Duvessa (D:5)
  A sky beast (D:5)
  3 slaves
  An orc warrior (D:7)
  2 phantoms (D:4)
  3 centaurs
  7 bullfrogs
  Dowan (D:6)
  2 bullfrog skeletons
  3 orc wizards
  A centaur skeleton (D:6)
  3 orc priests
  3 jellies
  4 worker ants
  4 gnolls
  6 adders
  3 shadow imps
  2 oozes
  An adder skeleton (D:4)
  3 worms (D:2)
  7 leopard geckos
  13 orcs
  4 giant cockroaches
  6 goblins
  3 hobgoblins
  33 jackals
  3 quokkas
  A ball python (D:2)
  7 bats
  7 frilled lizards
  A jackal skeleton (D:5)
  12 kobolds
  10 rats
169 creatures vanquished.

Vanquished Creatures (others)
  A hound (D:6)
  A plant (D:1)
2 creatures vanquished.

Grand Total: 171 creatures vanquished

Notes
Turn   | Place    | Note
-------+----------+-------------------------------------------
     0 | D:1      | Kloppie the Formicid Fighter began the quest for the Orb.
     0 | D:1      | Reached XP level 1. HP: 18/18 MP: 1/1
    52 | D:1      | Reached XP level 2. HP: 21/24 MP: 2/2
   254 | D:1      | Reached XP level 3. HP: 25/29 MP: 3/3
   730 | D:2      | Reached XP level 4. HP: 22/35 MP: 4/4
   988 | D:2      | Reached skill level 5 in Shields
  1408 | D:2      | Reached XP level 5. HP: 35/41 MP: 5/5
  1767 | D:3      | Found a faded altar of an unknown god.
  1989 | D:3      | Noticed Terence
  2053 | D:4      | Reached XP level 6. HP: 16/47 MP: 6/6
  2310 | D:4      | Noticed a phantom
  2353 | D:4      | Killed a phantom
  2382 | D:4      | Noticed a phantom
  2417 | D:4      | Killed a phantom
  2417 | D:4      | Reached XP level 7. HP: 20/52 MP: 7/7
  3049 | D:5      | Entered Level 5 of the Dungeon
  3204 | D:5      | Identified a scroll of acquirement
  3205 | D:5      | Got a transparent hunting sling
  3474 | D:5      | Reached skill level 5 in Axes
  3484 | D:5      | Reached XP level 8. HP: 55/58 MP: 8/8
  3679 | D:6      | Noticed Dowan
  3680 | D:6      | Noticed Duvessa
  3687 | D:6      | Killed Dowan
  3705 | D:5      | Killed Duvessa
  3979 | D:6      | Gained mutation: You possess an exceptional clarity of mind. [potion of mutation]
  3979 | D:6      | Gained mutation: You are agile. (Dex +2) [potion of mutation]
  3979 | D:6      | Gained mutation: Your skin changes colour to match your surroundings (Stealth+). [potion of mutation]
  4232 | D:6      | Reached skill level 5 in Armour
  4550 | D:7      | Reached XP level 9. HP: 58/64 MP: 9/9
  4675 | D:7      | Noticed Joseph
  4699 | D:7      | Killed Joseph
  5010 | D:7      | Found Izaiplef's Book Boutique.
  5168 | D:7      | Found a staircase to the Ecumenical Temple.
  5178 | Temple   | Entered the Ecumenical Temple
  5422 | Temple   | Became a worshipper of Ashenzari the Shackled
  5562 | D:7      | Noticed eXcel's ghost (novice OgBe)
  5566 | D:7      | Noticed Pikel
  5886 | D:6      | Killed Pikel
  5886 | D:6      | Reached skill level 5 in Fighting
  6239 | D:7      | Killed eXcel's ghost
  6239 | D:7      | Reached XP level 10. HP: 52/77 MP: 10/10
  6763 | D:7      | Noticed a cyan ugly thing
  6786 | D:7      | Slain by a cyan ugly thing

Skill      XL: |  1  2  3  4  5  6  7  8  9 10 |
---------------+-------------------------------+-----
Shields        | 4 5 6 7 8 9 |  9.1
Axes           | 3 4 5 6 9 |  9.9
Armour         | 5 7 |  7.0
Fighting       | 6 7 |  7.3

Action                   |  1- 3 |  4- 6 |  7- 9 | 10-12 || total
-------------------------+-------+-------+-------+-------++-------
Melee: War axe           |   103 |   153 |   349 |    37 ||   642
  Use: Scroll            |       |     8 |    10 |       ||    18
       Potion            |       |       |    12 |       ||    12
 Stab: Invisible         |       |       |     2 |       ||     2
  Eat: Chunk             |       |    21 |    11 |     4 ||    36
Armor: Scale mail        |    73 |    52 |    19 |       ||   144
       Chain mail        |       |       |   133 |    12 ||   145
       Plate armour      |       |       |       |     6 ||     6
Dodge: Dodged            |    50 |    42 |   115 |     9 ||   216
Block: Shield            |    80 |    83 |   221 |    22 ||   406
